 Dungeon Crawl Stone Soup version 0.26.0-10-g1f06aea511 (webtiles) character file.

Game seed: 8511816185345722653

3370 Goblin1989 the Basher (level 9, -2/67 (69) HPs)
             Began as a Demonspawn Delver on Feb 3, 2021.
             Was an Initiate of Gozag.
             Slain by a troll (3 damage)
             ... on level 7 of the Dungeon.
             The game lasted 00:21:28 (8128 turns).

Goblin1989 the Basher (Demonspawn Delver)           Turns: 8128, Time: 00:21:28

HP:   -2/67 (69)    AC: 21    Str: 13    XL:     9   Next: 73%
MP:   0/9           EV:  8    Int: 14    God:    Gozag
Gold: 379           SH:  5    Dex: 15    Spells: 8/8 levels left

rFire    + . .     SeeInvis .   k - +1 flail (protect)
rCold    x . .     Faith    .   F - +0 buckler
rNeg     . . .     Spirit   +   S - +0 chain mail
rPois    .         Reflect  .   (no helmet)
rElec    .         Harm     .   (no cloak)
rCorr    .         Rampage  .   z - +0 pair of gloves
Will     +....                  I - +0 pair of boots
Stlth    ..........             r - amulet of regeneration
HPRegen  0.61/turn              B - ring of fire
MPRegen  0.11/turn              C - ring of willpower

@: sanguine armour, lightly drained
A: hooves 1, powered by death 1, magic shield, sanguine armour 2
a: Renounce Religion, Potion Petition, Call Merchant, Bribe Branch


You were on level 7 of the Dungeon.
You worshipped Gozag.
Gozag was aware of your devotion.
You visited 1 branch of the dungeon, and saw 7 of its levels.

You collected 1096 gold pieces.
You spent 629 gold pieces at shops.
You paid 88 gold pieces to Gozag.

Inventory:

Hand Weapons
 k - a +1 flail of protection (weapon)
 x - a +0 dagger of chaos
 T - a +2 dagger of venom
Missiles
 n - 4 boomerangs (quivered)
 H - 57 poisoned darts
 K - 7 javelins {@Q2}
 N - 361 stones {@Q3}
Armour
 b - a +0 leather armour
 j - a +0 helmet
 p - a +0 pair of boots of flying
 z - a +0 pair of gloves (worn)
 F - a +0 buckler (worn)
 I - a +0 pair of boots (worn)
 S - a +0 chain mail (worn)
Magical Staves
 V - an uncursed staff of air
Jewellery
 l - an uncursed ring of flight
 r - an amulet of regeneration (around neck)
 B - a ring of fire (left hand)
 C - a ring of willpower (right hand)
Wands
 g - a wand of digging (6) {@v1}
 m - a wand of enslavement (13)
 q - a wand of acid (6) {@v2}
 w - a wand of flame (24) {@v6}
 Y - a wand of paralysis (8) {@v7}
Scrolls
 c - 2 scrolls of fog
 o - a scroll of holy word {unknown}
 t - a scroll of summoning
 u - a scroll of vulnerability
 v - 2 scrolls of enchant weapon
 y - 4 scrolls of noise {unknown}
 A - 8 scrolls of remove curse {@r3}
 D - a scroll of random uselessness {unknown}
 G - a scroll of immolation {unknown}
 M - a scroll of magic mapping
 O - 6 scrolls of amnesia
 P - 6 scrolls of teleportation {!r, @r2}
 U - 3 scrolls of fear
 W - 3 scrolls of identify {@r1}
 Z - 2 scrolls of enchant armour
Potions
 f - 2 potions of haste {@q3,}
 i - a potion of flight {unknown}
 s - a potion of lignification {unknown}
 E - 2 potions of invisibility
 J - a potion of brilliance
 L - a potion of berserk rage
 Q - 3 potions of attraction
 R - 2 potions of curing {@q1}
 X - a potion of might {@q4}


   Skills:
 + Level 6.0 Fighting
 * Level 8.4 Maces & Flails
 - Level 2.0 Throwing
 + Level 4.6 Armour
 + Level 5.0 Dodging
 - Level 4.5 Stealth
 + Level 3.4 Shields
 + Level 2.4 Evocations


You had 8 spell levels left.
You didn't know any spells.
Your spell library was empty.

Dungeon Overview and Level Annotations

Branches:
Dungeon (7/15)             Temple (0/1) D:7

Altars:
Ashenzari
Elyvilon
Gozag
Hepliaklqana
Kikubaaqudgha
Makhleb
Nemelex Xobeh
Ru
Sif Muna
Trog
Uskayaw
Wu Jian
Xom
The Shining One

Shops:
D:6 ?

Annotations:
D:7 1 runed translucent door, Crazy Yiuf


Innate Abilities, Weirdness & Mutations

You have large cloven feet.
You regenerate a little health from kills.
When hurt, damage is shared between your health and your magic reserves.
When seriously injured, your bleeding wounds create thick armour. (AC +9)


Message History

You take 2 damage, and have 39/67 hp.
You are too injured to fight recklessly!
You are too injured to fight recklessly!
You are too injured to fight recklessly!
You are too injured to fight recklessly!
You are too injured to fight recklessly!
You are too injured to fight recklessly!
You are too injured to fight recklessly!
You are too injured to fight recklessly!
You are too injured to fight recklessly!
You are too injured to fight recklessly!
You are too injured to fight recklessly!
You are too injured to fight recklessly!
You are too injured to fight recklessly!
You are too injured to fight recklessly!
You are too injured to fight recklessly!
You are too injured to fight recklessly!
You are too injured to fight recklessly!
You are too injured to fight recklessly!
You are too injured to fight recklessly!
You are too injured to fight recklessly!
You are too injured to fight recklessly!
You are too injured to fight recklessly!
Unknown command.
The troll becomes distracted by the nearby gold, dreaming of imaginary riches.
The troll is no longer distracted by gold.
There is an open door here.
Your blood armour dries and flakes away.
The troll barely misses you. The troll claws you. The troll barely misses you.
You take 1 damage, and have 46/67 hp.
You now have 7/9 mp.
You hit the troll.
Your weapon exudes an aura of protection.
The troll is lightly wounded.
The troll barely misses you. x3
You sock the troll!
The troll is moderately wounded.
The troll barely misses you.
The troll claws you but does no damage. x2
You hit the troll.
The troll is moderately wounded.
You block the troll's attack. The troll claws you!
Your blood congeals into armour.
The troll claws you but does no damage.
You take 7 damage, and have 40/67 hp.
You now have 6/9 mp.
You sock the troll!
The troll is heavily wounded.
The troll barely misses you. The troll claws you. You block the troll's attack.
You take 3 damage, and have 37/67 hp.
You now have 5/9 mp.
You sock the troll!
The troll is severely wounded.
The troll bites you!
* * * LOW HITPOINT WARNING * * *
The troll claws you!
* * * LOW HITPOINT WARNING * * *
The troll claws you but does no damage.
You take 16 damage, and have 21/67 hp.
MASSIVE DAMAGE!!
You now have 3/9 mp.
Your shield and chain mail prevent you from hitting the troll.
The troll is severely wounded.
The troll bites you but does no damage.
The troll claws you but does no damage. x2
You closely miss the troll.
The troll is severely wounded.
The troll bites you!
* * * LOW HITPOINT WARNING * * *
The troll claws you but does no damage. The troll claws you.
* * * LOW HITPOINT WARNING * * *
You completely miss the troll.
The troll is severely wounded.
The troll barely misses you.
The troll claws you but does no damage. x2
You take 10 damage, and have 11/67 hp.
You sock the troll!
Your weapon exudes an aura of protection.
The troll is severely wounded.
The troll bites you but does no damage.
The troll claws you but does no damage. x2
You barely miss the troll.
The troll is heavily wounded.
The troll bites you but does no damage. The troll claws you but does no damage.
The troll claws you.
* * * LOW HITPOINT WARNING * * *
You thump the troll!
The troll is severely wounded.
The troll barely misses you. The troll claws you!
* * * LOW HITPOINT WARNING * * *
The troll claws you but does no damage.
You take 7 damage, and have 11/67 hp.
You now have 3/9 mp.
You closely miss the troll.
The troll is severely wounded.
The troll bites you.
* * * LOW HITPOINT WARNING * * *
The troll claws you but does no damage. x2
You take 4 damage, and have 9/67 hp.
You now have 2/9 mp.
Evoke which item? (* to show all) (? for menu, Esc to quit)
Aiming: Corrosive Bolt
Press: ? - help, Shift-Dir - straight line, f - troll
Aim: a troll (severely wounded, 29% to evade)
The bolt of acid hits the troll!
The troll is splashed with acid.
The acid corrodes the troll!
The troll is almost dead.
The troll bites you!
* * * LOW HITPOINT WARNING * * *
The troll claws you.
You die...
Your body crumbles into a pile of gold.

.....██.............█...........█
.....██(............█...........█
......(....██......███████......█
.....(.....██..█████P.^^P█......█
.....██....██..███P█.P...█......█
....(██....██...█.█.P.⌂.P█......█
......█........█...█P.P.P█..^...█
......█........█████.^P^.█......█
......█.........@T.███████......∆
......█.........................█
.....████████...................█
.....██....██......██...........█
.....█.....██......██...........█
.....∆.).(.((.(.....▲......██...█
.....█......█(.....██......██...█
<....██....██......████∆█████....
.....████████..............█.....


You could see a troll (corroded).

Vanquished Creatures
  Prince Ribbit (D:5)
  Sigmund (D:5)
  Eustachio (D:6)
  A phantom (D:4)
  An ogre (D:5)
  2 sky beasts
  A black bear (D:7)
  A hornet zombie (D:7)
  2 ice beasts
  3 centaurs
  3 bullfrogs
  A scorpion (D:6)
  9 wights
  A howler monkey (D:5)
  A crimson imp (D:4)
  A bullfrog zombie (D:7)
  2 hounds
  4 orc wizards
  5 orc priests
  4 bullfrog skeletons
  Jessica (D:3)
  Natasha (thrice) (D:2)
  7 iguanas
  3 worker ants
  A hound zombie (D:6)
  A hound skeleton (D:5)
  4 gnolls
  16 adders
  3 shadow imps (D:7)
  4 ufetubi
  6 oozes
  3 adder skeletons
  2 worms
  3 dart slugs
  5 leopard geckos
  16 orcs
  4 ball pythons
  14 giant cockroaches
  12 goblins
  12 hobgoblins
  12 jackals
  A quokka (D:2)
  5 bats
  6 frilled lizards
  A jackal skeleton (D:4)
  7 kobolds
  A leopard gecko skeleton (D:5)
  A leopard gecko zombie (D:5)
  A quokka skeleton (D:5)
  10 rats
210 creatures vanquished.

Vanquished Creatures (others)
  A bat (D:3)
  A plant (D:7)
2 creatures vanquished.

Grand Total: 212 creatures vanquished

Notes
Turn   | Place    | Note
-------+----------+-------------------------------------------
     0 | D:5      | Goblin1989 the Demonspawn Delver began the quest for the
                  | Orb.
     0 | D:5      | Reached XP level 1. HP: 18/18 MP: 1/1
    27 | D:5      | Noticed a howler monkey
    88 | D:4      | Noticed an iguana
   107 | D:4      | Reached skill level 2 in Maces & Flails
   215 | D:3      | Gained mutation: You regenerate a little health from kills.
                  | [demonic ancestry]
   215 | D:3      | Reached XP level 2. HP: 23/24 MP: 2/2
   470 | D:3      | Noticed Jessica
   524 | D:3      | Killed Jessica
   525 | D:3      | Reached skill level 3 in Maces & Flails
   525 | D:3      | Gained mutation: When seriously injured, your bleeding
                  | wounds create armour. (AC +9) [demonic ancestry]
   525 | D:3      | Reached XP level 3. HP: 29/29 MP: 3/3
   555 | D:2      | You fall into a shaft and drop 1 floor!
   916 | D:1      | Found a runed translucent door.
  1156 | D:1      | Reached XP level 4. HP: 23/35 MP: 4/4
  1159 | D:1      | Reached skill level 4 in Maces & Flails
  1775 | D:2      | Noticed Natasha
  1785 | D:2      | Killed Natasha
  1786 | D:2      | Gained mutation: When hurt, damage is shared between your
                  | health and your magic reserves. [demonic ancestry]
  1786 | D:2      | Reached XP level 5. HP: 41/41 MP: 5/5
  1835 | D:2      | Noticed Natasha
  1842 | D:2      | Killed Natasha
  2108 | D:2      | Reached skill level 1 in Armour
  2125 | D:2      | Found a hide-covered altar of Uskayaw.
  2160 | D:2      | Noticed Natasha
  2168 | D:2      | Killed Natasha
  2169 | D:2      | Reached skill level 1 in Throwing
  2404 | D:2      | Gained mutation: You have large cloven feet. [demonic
                  | ancestry]
  2404 | D:2      | Reached XP level 6. HP: 31/47 MP: 4/6
  2510 | D:2      | Found a burning altar of Makhleb.
  2918 | D:3      | Found a faded altar of an unknown god.
  2962 | D:3      | Found a broken altar of Ashenzari.
  2964 | D:3      | Found a hazy altar of Hepliaklqana.
  2966 | D:3      | Found an ornate altar of the Wu Jian Council.
  2968 | D:3      | Found an ancient bone altar of Kikubaaqudgha.
  2968 | D:3      | Found an opulent altar of Gozag.
  2968 | D:3      | Found a bloodstained altar of Trog.
  2970 | D:3      | Found a sparkling altar of Nemelex Xobeh.
  2971 | D:3      | Found a shimmering blue altar of Sif Muna.
  2974 | D:3      | Found a glowing golden altar of the Shining One.
  2977 | D:3      | Became a worshipper of Gozag Ym Sagoz the Greedy
  3046 | D:3      | Reached skill level 5 in Maces & Flails
  3240 | D:3      | Found a white marble altar of Elyvilon.
  4059 | D:4      | Gained mutation: When seriously injured, your bleeding
                  | wounds create thick armour. (AC +9) [demonic ancestry]
  4059 | D:4      | Reached XP level 7. HP: 49/53 MP: 5/7
  4519 | D:4      | Found a shimmering altar of Xom.
  4519 | D:4      | Found a burning altar of Makhleb.
  4625 | D:5      | Noticed Sigmund
  4667 | D:5      | Killed Sigmund
  4799 | D:5      | Reached skill level 6 in Maces & Flails
  4944 | D:5      | Reached XP level 8. HP: 34/60 MP: 4/8
  5403 | D:5      | Reached skill level 1 in Shields
  5668 | D:5      | Reached skill level 7 in Maces & Flails
  5687 | D:5      | Noticed Prince Ribbit
  5702 | D:5      | Killed Prince Ribbit
  5703 | D:5      | Reached skill level 5 in Fighting
  6414 | D:5      | Reached XP level 9. HP: 60/68 MP: 7/9
  6483 | D:6      | Found Reoteont's Magic Scroll Boutique.
  6486 | D:6      | Bought a scroll of teleportation for 33 gold pieces
  6486 | D:6      | Bought a scroll of enchant weapon for 82 gold pieces
  6486 | D:6      | Bought 2 scrolls of remove curse for 66 gold pieces
  6486 | D:6      | Bought a scroll of identify for 22 gold pieces
  6486 | D:6      | Bought a scroll of amnesia for 38 gold pieces
  6486 | D:6      | Bought a scroll of vulnerability for 82 gold pieces
  6486 | D:6      | Bought a scroll of summoning for 104 gold pieces
  6486 | D:6      | Bought a scroll of enchant armour for 82 gold pieces
  6486 | D:6      | Bought a scroll of identify for 22 gold pieces
  6486 | D:6      | Bought a scroll of fear for 38 gold pieces
  6486 | D:6      | Bought a scroll of fog for 22 gold pieces
  6486 | D:6      | Bought a scroll of fear for 38 gold pieces
  7018 | D:6      | Noticed Eustachio
  7054 | D:6      | Killed Eustachio
  7333 | D:6      | Reached skill level 1 in Evocations
  7533 | D:7      | Reached skill level 8 in Maces & Flails
  7627 | D:7      | Found a runed translucent door.
  7628 | D:7      | Noticed Crazy Yiuf
  7680 | D:7      | Found a staircase to the Ecumenical Temple.
  7695 | D:7      | Found an ancient bone altar of Kikubaaqudgha.
  7884 | D:7      | Reached skill level 5 in Dodging
  7994 | D:7      | Found a sacrificial altar of Ru.
  8072 | D:7      | Noticed a troll
  8128 | D:7      | HP: 1/67 [troll (10)]
  8128 | D:7      | Slain by a troll

Illustrated notes

Levels and vault maps discovered:
D:1:      dpeg_arrival_caged_fury, layout_loops_ring,
          chequers_serial_rivers_small_3, minmay_tiny_reverse_x
D:2:      kennysheep_the_goblin_king, layout_rooms, marbit_many_paths,
          bloody_makhleb, uniq_natasha
D:3:      layout_basic, minitemple, chequers_ecumenical_altar_island,
          serial_bayou_ford_a, elyvilon_altar_4, uniq_jessica
D:4:      layout_loops_corners, grunt_temple_overflow_champion_of_chaos,
          st_stairs_13
D:5:      minmay_opposing_rooms, layout_basic, saegor_snake_ambush,
          uniq_prince_ribbit1, uniq_sigmund
D:6:      layout_basic, serial_shops, kennysheep_mini, minmay_puff,
          uniq_eustachio
D:7:      layout_gridville, minmay_temple_entry_gardened_gates, basic_altar,
          minmay_misc_feat_alley, nicolae_ru_the_path_less_chosen,
          uniq_crazy_yiuf_cottage

Skill      XL: |  1  2  3  4  5  6  7  8  9 |
---------------+----------------------------+-----
Maces & Flails | 2 3 4 5 6 7 8 |  8.4
Dodging        | 2 3 4 5 |  5.0
Armour         | 1 2 3 4 |  4.6
Throwing       | 1 2 |  2.0
Fighting       | 4 5 6 |  6.0
Shields        | 2 3 |  3.4
Evocations     | 2 |  2.4
Stealth        | |  4.5

Action                   |  1- 3 |  4- 6 |  7- 9 || total
-------------------------+-------+-------+-------++-------
Melee: Mace              |   124 |   328 |   509 ||   961
       Kick              |       |    24 |    25 ||    49
       Flail             |       |       |   176 ||   176
Throw: Stone             |       |     4 |       ||     4
       Javelin           |       |     8 |       ||     8
       Dart              |       |       |    12 ||    12
       Boomerang         |       |       |     6 ||     6
Evoke: Wand              |       |       |     1 ||     1
  Use: Scroll            |     1 |       |     6 ||     7
       Potion            |     1 |       |       ||     1
 Stab: Sleeping          |     8 |     9 |     1 ||    18
       Distracted        |       |     2 |     1 ||     3
Armor: Leather armour    |    35 |    95 |    10 ||   140
       Chain mail        |       |       |   407 ||   407
Dodge: Dodged            |    99 |   232 |   289 ||   620
Block: Buckler           |       |       |   148 ||   148
